Map: Last Remnant

Players

Kuraii

  • Race: Terran Terran
  • Spawn Location: 9:00

pReDaToR

  • Race: Terran Terran
  • Spawn Location: 6:00

Pillowask

  • Race: Zerg Zerg
  • League: Platinum
  • Spawn Location: 7:00

RedHotSpicyT

  • Race: Protoss Protoss
  • Spawn Location: 6:00

pHARM - Winner!

  • Race: Terran Terran
  • League: Platinum
  • Spawn Location: 12:00

mmmongo - Winner!

  • Race: Zerg Zerg
  • League: Gold
  • Spawn Location: 1:00

qnp - Winner!

  • Race: Zerg Zerg
  • Spawn Location: 3:00

Archangeljk - Winner!

  • Race: Protoss Protoss
  • Spawn Location: 12:00

VOD

Have the link to the VOD?

Description

Time

  • Played on: Aug. 29, 2019, 6:46 p.m.
  • Length: 16:20
Show
View Real Time Build Order
Export as new Build Order

Kuraii Terran 

Build Orders:  

Get SALT Encoding   

  12  0:04  SCV  
  13  0:23  SCV  
  14  0:29  Supply Depot  
  14  0:35  SCV  
  15  0:51  SCV  
  16  0:59  Supply Depot  
  16  1:03  Supply Depot, SCV  
  17  1:15  SCV  
  18  1:27  SCV  
  18  1:30  Barracks  
  19  1:39  SCV  
  20  1:51  SCV  
  21  1:55  Refinery, Engineering Bay  
  21  2:03  SCV  
  22  2:24  Supply Depot  
  22  2:35  Supply Depot  
  22  2:45  Orbital Command  
  22  2:58  Barracks Reactor, Barracks  
  22  3:07  Refinery  
  22  3:15  Supply Depot  
  22  3:21  Supply Depot  
  22  3:34  Marine x2  
  24  3:45  Supply Depot  
  24  3:52  Marine x2  
  26  4:02  Barracks Reactor  
  26  4:07  Factory  
  26  4:10  Marine x2  
  26  4:11  SCV  
  29  4:23  SCV  
  30  4:27  Marine x2  
  32  4:36  SCV  
  33  4:43  Marine x2  
  35  4:48  SCV  
  36  5:00  SCV  
  36  5:01  Marine x2  
  39  5:12  SCV  
  40  5:15  Command Center  
  40  5:17  Marine  
  40  5:18  Marine x2  
  40  5:19  Marine  
  44  5:35  Marine  
  44  5:36  Marine x2  
  31  6:33  Refinery  
  31  6:36  Refinery  
  31  6:39  Supply Depot  
  31  6:49  Factory Tech Lab  
  31  6:59  SCV  
  32  7:03  Terran Infantry Armor Level 1  
  32  7:10  Armory  
  32  7:11  SCV  
  33  7:18  Supply Depot  
  33  7:22  SCV  
  34  7:23  SCV  
  35  7:34  SCV  
  35  7:35  SCV  
  37  7:46  SCV  
  37  7:49  Marine x2  
  40  7:52  Starport, Marine x2  
  40  7:58  SCV  
  43  8:04  Starport  
  43  8:07  Marine x2  
  43  8:10  SCV, Marine x2  
  43  8:12  Starport  
  48  8:25  Marine x2  
  50  8:27  Marine  
  50  8:28  Marine  
  50  8:32  Fusion Core  
  52  8:42  Marine  
  52  8:43  Marine  
  52  8:45  Marine x2  
  56  8:57  Terran Infantry Weapons Level 1  
  56  9:00  Marine x2  
  56  9:01  Terran Vehicle Weapons Level 1  
  58  9:03  Marine x2  
  58  9:05  Starport Tech Lab  
  58  9:06  Starport Tech Lab  
  58  9:09  Starport Tech Lab  
  60  9:18  Marine x2  
  60  9:21  Marine x2  
  64  9:32  Battlecruiser  
  64  9:36  Marine x2  
  72  9:39  Marine x2  
  80  10:14  Battlecruiser  
  80  10:17  Battlecruiser  
  86  10:40  Battlecruiser  
  92  10:53  Weapon Refit  
  92  10:55  Terran Vehicle And Ship Armor Level 1  
  98  11:18  Battlecruiser  
  98  11:26  Battlecruiser  
  104  11:48  Battlecruiser  
  110  12:25  Battlecruiser  
  107  12:40  Battlecruiser  
  91  12:52  Battlecruiser  
  82  13:29  Battlecruiser  
  87  13:45  Battlecruiser  
Show
View Real Time Build Order
Export as new Build Order

pReDaToR Terran 

Build Orders:  

Get SALT Encoding   

  12  0:04  SCV  
  13  0:16  SCV  
  14  0:28  SCV  
  15  0:31  Supply Depot  
  15  0:41  Refinery  
  15  0:52  SCV  
  16  1:04  SCV  
  16  1:06  Barracks  
  17  1:16  SCV  
  17  1:18  Barracks  
  18  1:29  SCV  
  19  1:41  SCV  
  19  1:45  Refinery  
  20  1:55  Supply Depot, Orbital Command  
  20  1:56  Supply Depot  
  20  2:02  Barracks Tech Lab  
  20  2:11  Barracks Reactor  
  20  2:30  SCV  
  21  2:42  SCV  
  22  2:46  Barracks  
  22  2:47  Supply Depot, Barracks  
  22  2:57  Marine x3  
  25  3:10  Engineering Bay  
  25  3:14  Marine  
  25  3:19  Stimpack  
  26  3:28  Marine x2  
  26  3:32  Marine  
  29  3:36  Barracks Reactor  
  29  3:37  Barracks Reactor  
  29  3:49  Terran Infantry Weapons Level 1  
  29  4:02  Supply Depot  
  29  4:08  Marine x3  
  32  4:21  Marine x2  
  32  4:22  Marine  
  35  4:25  Marine  
  36  4:43  Marine x4  
  36  4:44  Marine x2  
  42  4:56  Factory  
  42  4:59  Combat Shield  
  42  5:35  Supply Depot x3  
  42  5:37  Supply Depot  
  42  5:40  Marine  
  42  5:41  Marine x3  
  46  5:44  Terran Infantry Armor Level 1  
  46  5:53  Starport  
  46  6:30  Starport Reactor  
  46  6:54  Command Center  
  46  7:02  Marine  
  46  7:03  Marine x6  
  53  7:09  Medivac x2  
  57  7:20  Marine x3  
  57  7:21  Marine  
  61  7:39  Medivac x2  
  65  7:50  SCV  
  66  8:02  SCV  
  67  8:09  Medivac x2  
  67  8:10  SCV  
  72  8:14  SCV  
  73  8:22  SCV  
  73  8:26  SCV  
  75  8:29  Marine x4  
  75  8:30  Marine x2  
  81  8:34  SCV  
  81  8:38  SCV  
  83  8:46  SCV  
  84  8:59  SCV  
  84  9:00  Marine  
  84  9:01  Marine x6  
  92  9:18  Marine x2  
  92  9:19  Marine x5  
  62  10:13  Command Center  
  48  10:22  Marine  
  48  10:23  Marine x6  
  53  10:37  Medivac x2  
  53  10:40  Marine x2  
  53  10:41  Marine x5  
  64  11:07  Medivac x2  
  68  11:20  Marine x3  
  68  11:21  Marine x2  
  73  11:32  Orbital Command  
  73  11:37  Medivac x2  
  77  11:41  Missile Turret  
  77  11:46  Missile Turret  
  40  12:42  Marine  
  40  12:43  Marine x6  
  39  12:55  Refinery  
  39  12:57  Refinery  
  39  13:00  Marine  
  39  13:01  Marine x6  
  46  13:18  Marine  
  46  13:19  Marine x6  
  48  13:36  Marine x2  
  48  13:37  Marine x5  
  54  13:51  Medivac x2  
  54  13:54  Marine x4  
  54  13:55  Marine x3  
  37  14:21  Medivac x2  
  35  14:27  Marine  
  35  14:28  Marine x4  
Show
View Real Time Build Order
Export as new Build Order

Pillowask Zerg 

Build Orders: Pool First 

Get SALT Encoding   

  12  0:01  Drone  
  13  0:08  Drone  
  14  0:18  Overlord  
  14  0:25  Extractor  
  14  0:27  Drone  
  14  0:37  Drone  
  14  0:38  Drone  
  16  0:51  Spawning Pool  
  16  0:55  Drone  
  16  0:59  Drone  
  17  1:07  Drone  
  18  1:19  Overlord, Extractor  
  17  1:28  Drone  
  19  1:40  Drone  
  19  1:43  Queen  
  21  2:11  Hatchery  
  20  2:15  Drone x2  
  22  2:35  Roach Warren  
  22  2:36  Lair  
  21  2:49  Drone  
  21  2:50  Drone x2  
  24  3:01  Drone x3  
  27  3:12  Overlord  
  27  3:23  Overlord  
  27  3:28  Drone  
  28  3:41  Spire  
  28  3:42  Drone  
  28  3:43  Drone  
  28  3:44  Drone  
  30  3:53  Drone  
  31  4:04  Spore Crawler  
  31  4:06  Spore Crawler, Drone x3  
  31  4:09  Extractor  
  31  4:13  Spore Crawler  
  31  4:14  Spore Crawler, Drone  
  31  4:15  Drone  
  31  4:18  Drone  
  32  4:36  Hatchery  
  31  4:40  Drone x3  
  34  4:46  Pneumatized Carapace  
  34  4:53  Mutalisk x3  
  40  5:00  Drone  
  40  5:01  Extractor  
  40  5:04  Mutalisk x2  
  44  5:16  Mutalisk x3  
  50  5:23  Drone  
  50  5:24  Drone  
  50  5:26  Overlord  
  52  5:34  Overlord x2  
  52  5:47  Zerg Flyer Weapons Level 1  
  50  6:47  Mutalisk x4  
  50  6:48  Mutalisk x3  
  50  6:51  Drone x3, Queen  
  69  7:07  Drone  
  70  7:09  Mutalisk x3  
  70  7:12  Drone  
  77  7:19  Spore Crawler x2  
  77  7:20  Spore Crawler  
  77  7:22  Spore Crawler x2  
  72  7:24  Spore Crawler, Drone x2  
  73  7:32  Overlord  
  73  7:33  Overlord  
  73  7:34  Mutalisk x2  
  77  7:40  Drone, Mutalisk  
  77  7:42  Zerg Flyer Armor Level 1  
  80  7:51  Drone x2  
  82  7:57  Overlord  
  82  7:58  Overlord  
  82  8:00  Overlord x2  
  82  8:03  Extractor  
  82  8:04  Extractor  
  80  8:08  Spore Crawler x2, Drone  
  80  8:09  Spore Crawler, Drone x3  
  63  8:45  Drone x5  
  68  8:51  Spore Crawler  
  68  8:53  Mutalisk x3  
  68  8:54  Spore Crawler  
  68  8:55  Spore Crawler  
  71  8:56  Mutalisk x3  
  77  9:04  Infestation Pit  
  76  9:25  Mutalisk x2  
  80  9:35  Zerg Flyer Weapons Level 2  
  80  9:40  Queen  
  80  9:43  Hive  
  82  9:45  Drone  
  82  9:46  Drone x2  
  82  9:47  Drone x2  
  82  9:48  Drone  
  60  10:30  Mutalisk  
  60  10:31  Mutalisk x7  
  76  10:36  Drone x3  
  79  11:00  Spore Crawler  
  79  11:01  Spore Crawler  
  77  11:05  Mutalisk  
  77  11:06  Mutalisk x4  
  87  11:57  Mutalisk x3  
  87  11:58  Mutalisk x3  
  99  12:02  Mutalisk  
  99  12:03  Mutalisk x3  
  107  12:43  Mutalisk  
  107  12:44  Mutalisk x4  
  113  12:52  Spore Crawler x2  
  113  12:53  Spore Crawler x3  
  108  13:09  Zerg Flyer Armor Level 2  
  88  13:31  Mutalisk x5  
  96  13:36  Spore Crawler  
  96  13:39  Spore Crawler  
  96  13:41  Mutalisk x3  
  94  13:43  Mutalisk  
  94  13:45  Zergling x6  
  94  13:46  Zergling x6  
  94  13:47  Zergling x2  
  94  13:48  Zergling x8  
  109  14:36  Mutalisk x2  
  109  14:37  Mutalisk x4  
  121  14:38  Mutalisk  
  121  14:39  Mutalisk x3  
  121  14:45  Drone  
  66  15:43  Mutalisk  
  66  15:44  Mutalisk x4  
  66  15:45  Mutalisk x3  
  66  15:46  Mutalisk x3  
  66  15:49  Mutalisk x5  
Show
View Real Time Build Order
Export as new Build Order

RedHotSpicyT Protoss 

Build Orders:  

Get SALT Encoding   

  12  0:17  Probe  
  12  0:25  Probe  
  13  0:32  Pylon  
  13  0:33  Assimilator  
  14  0:35  Probe  
  14  0:37  Assimilator  
  15  0:54  Probe  
  16  0:58  Gateway  
  16  1:03  Probe  
  16  1:11  Probe  
  18  1:22  Probe  
  19  1:34  Probe  
  20  1:46  Probe  
  21  1:49  Cybernetics Core  
  21  1:55  Pylon  
  21  1:58  Probe  
  21  2:00  Forge  
  22  2:29  Stargate  
  22  2:31  Stargate  
  22  2:51  Nexus  
  22  3:16  Void Ray  
  26  3:25  Void Ray  
  30  3:35  Pylon  
  30  3:59  Void Ray  
  34  4:22  Void Ray  
  38  4:39  Probe x2  
  38  4:40  Assimilator  
  38  4:43  Assimilator  
  40  4:47  Probe x2  
  42  4:57  Probe x2  
  42  4:58  Void Ray  
  40  5:23  Probe x2  
  40  5:24  Void Ray  
  46  5:31  Probe x2  
  48  5:38  Pylon  
  48  5:40  Probe  
  48  5:41  Probe  
  48  5:44  Void Ray  
  54  6:03  Stargate  
  50  6:04  Stargate  
  50  6:10  Probe  
  50  6:11  Probe  
  52  6:18  Probe  
  52  6:19  Probe  
  54  6:26  Probe  
  54  6:27  Probe  
  56  6:33  Void Ray  
  56  6:39  Pylon  
  60  6:45  Pylon  
  60  6:46  Protoss Air Armor Level 1  
  60  6:57  Nexus  
  60  7:28  Protoss Shields Level 1  
  52  7:30  Void Ray x3  
  52  7:31  Void Ray  
  52  7:32  Probe  
  52  7:33  Probe  
  70  7:40  Probe  
  70  7:41  Probe  
  70  7:45  Pylon  
  70  7:48  Pylon  
  70  7:49  Probe  
  70  7:50  Probe  
  72  7:54  Cybernetics Core  
  72  7:56  Twilight Council  
  74  8:02  Probe x2  
  74  8:03  Pylon  
  76  8:12  Fleet Beacon  
  76  8:14  Probe x2  
  76  8:17  Probe  
  76  8:18  Assimilator  
  79  8:22  Assimilator  
  79  8:26  Probe x2  
  81  8:29  Probe  
  81  8:32  Protoss Air Weapons Level 1  
  82  8:38  Probe x2  
  84  8:41  Probe  
  85  8:48  Void Ray  
  85  8:49  Void Ray  
  85  8:53  Photon Cannon  
  85  8:54  Void Ray  
  97  9:02  Probe x3  
  100  9:06  Void Ray  
  104  9:15  Pylon  
  104  9:28  Protoss Air Armor Level 2  
  104  9:33  Photon Cannon  
  104  9:41  Photon Cannon  
  104  9:53  Nexus  
  104  9:56  Assimilator  
  104  10:01  Assimilator  
  104  10:02  Void Ray x3  
  104  10:03  Pylon  
  116  10:08  Pylon  
  116  10:10  Pylon  
  116  10:15  Nexus  
  84  10:49  Void Ray x2  
  76  10:50  Void Ray x2  
  88  11:05  Protoss Shields Level 2  
  88  11:21  Protoss Air Weapons Level 2  
  88  11:37  Void Ray  
  88  11:39  Stargate  
  92  11:42  Stargate  
  92  11:50  Void Ray  
  92  11:51  Void Ray  
  100  12:10  Nexus  
  72  12:23  Void Ray  
  72  12:24  Void Ray  
  72  12:25  Void Ray  
  72  12:28  Void Ray  
  88  12:42  Void Ray  
  88  12:43  Void Ray  
  83  13:06  Void Ray x2  
  83  13:07  Void Ray  
  95  13:19  Void Ray  
  99  13:35  Void Ray  
  103  13:49  Void Ray  
  107  14:15  Void Ray  
  59  14:25  Void Ray  
Show
View Real Time Build Order
Export as new Build Order

pHARM Terran - Winner!

Build Orders: 2 Factory, Mech 

Get SALT Encoding   

  12  0:02  SCV  
  13  0:16  Supply Depot  
  13  0:18  SCV  
  14  0:42  Barracks  
  14  0:44  SCV  
  15  0:56  SCV  
  16  1:01  Refinery  
  16  1:08  SCV  
  17  1:20  SCV  
  18  1:32  SCV  
  19  1:33  Supply Depot  
  19  1:35  Marine  
  20  1:44  Orbital Command  
  20  1:58  Command Center  
  20  2:08  Factory  
  20  2:09  Marine  
  21  2:24  SCV  
  22  2:36  SCV  
  23  2:47  Marine  
  24  3:00  Bunker  
  24  3:02  Factory Tech Lab  
  24  3:07  Marine  
  24  3:10  SCV  
  26  3:14  Refinery  
  26  3:22  Factory  
  26  3:29  Orbital Command  
  26  3:30  Factory  
  26  3:32  SCV  
  27  3:44  SCV  
  28  3:50  Supply Depot  
  28  3:56  SCV  
  28  4:00  SCV  
  30  4:08  SCV  
  31  4:12  SCV  
  31  4:13  Factory Tech Lab  
  31  4:14  Factory Reactor  
  32  4:19  Armory  
  32  4:20  SCV  
  33  4:24  SCV  
  34  4:32  SCV  
  34  4:36  Siege Tank  
  38  4:40  SCV  
  38  4:44  SCV  
  40  4:52  SCV  
  41  4:53  Refinery  
  41  4:55  Hellion x2  
  41  4:56  SCV  
  41  4:58  Siege Tank  
  49  5:15  SCV x2  
  49  5:19  Refinery  
  51  5:27  SCV  
  51  5:28  SCV  
  53  5:40  Command Center, SCV  
  54  5:45  Supply Depot  
  54  5:47  Supply Depot  
  54  5:50  Engineering Bay  
  54  6:06  Thor  
  54  6:07  Hellion  
  54  6:08  SCV x2  
  54  6:09  Hellion x2  
  68  6:20  SCV, Infernal Pre-Igniter  
  68  6:23  SCV  
  70  6:30  Hellion  
  72  6:33  SCV  
  72  6:35  SCV  
  74  6:40  Missile Turret  
  71  7:10  Hi-Sec Auto Tracking  
  71  7:12  Thor x2  
  71  7:14  Hellbat x2  
  87  7:17  Terran Vehicle Weapons Level 1  
  87  7:20  Supply Depot  
  87  7:27  Missile Turret  
  87  7:28  SCV  
  88  7:31  SCV  
  89  7:40  SCV  
  90  7:53  Hellbat x2  
  90  7:54  Thor  
  100  8:04  Supply Depot  
  100  8:06  Supply Depot  
  100  8:08  Thor  
  106  8:44  Thor  
  106  8:46  Hellbat x2  
  116  9:02  Factory  
  116  9:04  Supply Depot  
  116  9:06  Factory  
  116  9:07  Hellbat  
  116  9:08  Factory  
  118  9:14  Command Center  
  118  9:25  Thor, Hellbat  
  126  9:38  Supply Depot  
  126  9:49  Factory  
  126  9:54  Terran Vehicle Weapons Level 2  
  126  9:59  Factory Tech Lab x2  
  126  10:00  Factory Reactor, Hellbat  
  126  10:05  Supply Depot  
  128  10:09  Supply Depot  
  128  10:17  Armory  
  128  10:38  Factory Reactor  
  128  10:43  Supply Depot, Thor x2  
  128  10:44  Thor  
  128  10:45  Hellion x3  
  128  10:46  Hellion x2  
  156  11:06  Hellion  
  156  11:07  Thor, Hellion x3  
  156  11:08  Terran Vehicle And Ship Armor Level 1  
  170  11:33  Missile Turret  
  170  11:37  SCV  
  170  11:38  SCV  
  173  11:42  Planetary Fortress  
  172  11:49  SCV  
  172  11:53  Refinery  
  173  11:54  Missile Turret  
  173  11:55  Supply Depot  
  173  12:02  Thor, Hellbat  
  181  12:14  Terran Vehicle Weapons Level 3  
  180  12:15  SCV  
  180  12:16  Missile Turret, Hellbat x3  
  180  12:17  Supply Depot  
  136  12:41  Thor  
  136  12:43  Hellion x5  
  152  13:14  Thor x2  
  152  13:15  Hellion x2  
  152  13:16  Hellion  
  170  13:24  Supply Depot  
  170  13:52  Supply Depot  
  170  13:59  Terran Vehicle And Ship Armor Level 2  
  170  14:02  Refinery  
  134  14:21  Command Center  
  134  14:22  Thor x2  
  126  14:26  Refinery  
  126  14:27  Refinery  
  120  14:51  Thor x2  
  132  14:54  Hellion x2  
  132  14:55  Hellbat x2  
  139  15:05  Thor, Hellbat  
  139  15:16  Hellbat x2  
  143  15:25  Command Center  
  143  15:26  Thor  
  149  15:34  Thor  
  155  15:38  Planetary Fortress  
Show
View Real Time Build Order
Export as new Build Order

mmmongo Zerg - Winner!

Build Orders: Hatch First 

Get SALT Encoding   

  12  0:02  Drone  
  13  0:13  Drone  
  14  0:19  Extractor  
  13  0:21  Extractor  
  13  0:22  Drone  
  13  0:23  Drone  
  16  0:53  Hatchery  
  15  1:10  Overlord  
  15  1:15  Spawning Pool  
  14  1:22  Extractor  
  14  1:23  Drone  
  14  1:29  Drone x2  
  16  1:39  Drone  
  17  1:49  Drone  
  18  2:02  Drone  
  18  2:07  Queen  
  21  2:09  Queen  
  21  2:10  Drone  
  24  2:20  Drone x2  
  26  2:38  Extractor  
  26  2:42  Metabolic Boost  
  25  2:44  Zergling x2  
  25  2:45  Zergling x2  
  27  2:57  Drone  
  28  2:59  Overlord  
  28  3:13  Lair  
  28  3:20  Drone x2  
  28  3:22  Drone x4  
  34  3:29  Extractor  
  34  3:31  Extractor  
  34  3:32  Drone x3  
  34  3:33  Drone  
  36  3:35  Overlord x2  
  36  3:41  Overlord  
  36  3:54  Zergling x8  
  40  4:01  Drone x2  
  42  4:03  Drone  
  42  4:05  Drone x2  
  45  4:28  Spore Crawler  
  44  4:34  Spire  
  43  4:38  Spore Crawler  
  43  4:41  Drone x3  
  43  4:42  Drone x2  
  43  4:45  Drone x2  
  49  4:46  Drone x3  
  49  4:52  Overlord  
  52  4:54  Overlord  
  52  4:57  Overseer  
  52  5:09  Queen  
  52  5:12  Queen  
  56  5:19  Spore Crawler  
  55  5:23  Drone x3  
  55  5:24  Spore Crawler  
  57  5:31  Spore Crawler  
  57  5:34  Spore Crawler  
  55  5:41  Drone  
  56  5:45  Corruptor x2  
  56  5:46  Corruptor  
  62  5:58  Corruptor x3  
  62  6:00  Overlord  
  68  6:11  Overlord  
  68  6:12  Overlord  
  68  6:18  Pneumatized Carapace  
  68  6:27  Corruptor x4  
  76  7:00  Corruptor x4  
  76  7:01  Corruptor x2  
  84  7:03  Zerg Flyer Weapons Level 1  
  88  7:14  Spire  
  87  7:35  Spore Crawler  
  86  7:37  Spore Crawler  
  86  7:41  Corruptor x3  
  91  8:18  Overlord x3  
  91  8:19  Overlord x3  
  85  9:25  Zerg Flyer Armor Level 1  
  85  9:26  Zerg Flyer Weapons Level 2  
  85  9:28  Corruptor x3  
  85  9:29  Corruptor x2  
  95  9:33  Queen  
  95  9:34  Corruptor x3  
  95  9:35  Corruptor  
  68  10:55  Corruptor x5  
  78  10:59  Corruptor  
  78  11:00  Corruptor x3  
  73  12:36  Corruptor  
  73  12:37  Corruptor x5  
  73  12:42  Corruptor x5  
  65  13:18  Corruptor x4  
  43  14:39  Corruptor x6  
  43  14:44  Corruptor  
  43  14:45  Corruptor x3  
Show
View Real Time Build Order
Export as new Build Order

qnp Zerg - Winner!

Build Orders: Hatch First 

Get SALT Encoding   

  12  0:01  Drone  
  13  0:08  Drone  
  14  0:18  Extractor  
  14  0:20  Extractor, Drone  
  13  0:23  Drone  
  16  0:29  Overlord  
  16  0:52  Hatchery  
  16  0:56  Drone  
  16  1:02  Overlord  
  16  1:07  Drone  
  16  1:10  Drone  
  18  1:19  Extractor  
  18  1:22  Drone  
  18  1:31  Spawning Pool  
  18  1:32  Drone  
  18  1:39  Drone  
  19  1:53  Drone  
  20  2:02  Drone  
  20  2:04  Drone  
  22  2:11  Overlord  
  22  2:18  Queen x2  
  22  2:21  Drone  
  27  2:26  Metabolic Boost  
  27  2:31  Drone  
  27  2:36  Drone  
  29  2:40  Overlord  
  29  2:43  Zergling x2  
  29  2:44  Zergling x2  
  31  2:55  Extractor  
  30  2:58  Drone  
  30  3:04  Spore Crawler  
  30  3:05  Lair  
  30  3:19  Drone x2  
  32  3:20  Drone x3  
  32  3:27  Drone  
  36  3:28  Drone x2  
  36  3:32  Drone  
  39  3:37  Hatchery  
  38  3:49  Spore Crawler  
  38  3:50  Zergling x4  
  38  3:51  Drone, Zergling x2  
  38  3:54  Extractor  
  38  3:55  Extractor  
  39  3:56  Drone  
  39  4:02  Drone x3  
  43  4:03  Drone  
  43  4:04  Drone x2  
  43  4:05  Drone  
  47  4:12  Spire  
  47  4:16  Queen  
  48  4:17  Drone x2  
  48  4:21  Spore Crawler  
  47  4:24  Spore Crawler  
  46  4:33  Spore Crawler  
  46  4:34  Drone x2  
  46  4:37  Drone x4  
  51  4:42  Overlord x2  
  51  4:51  Queen  
  53  4:53  Drone  
  53  4:58  Spire  
  53  5:00  Drone x2  
  55  5:14  Queen  
  57  5:22  Spore Crawler  
  57  5:23  Spore Crawler  
  57  5:24  Corruptor x2  
  57  5:25  Spore Crawler  
  58  5:31  Corruptor  
  60  5:36  Drone x3  
  60  5:42  Spore Crawler  
  62  5:46  Infestation Pit  
  62  5:47  Drone x5  
  66  6:04  Corruptor  
  66  6:05  Corruptor x2  
  66  6:11  Corruptor x2  
  68  6:17  Spore Crawler  
  71  6:24  Spore Crawler  
  70  6:26  Spore Crawler  
  68  6:36  Spore Crawler  
  68  6:38  Drone  
  68  6:39  Drone x6  
  70  6:40  Drone  
  70  6:48  Zerg Flyer Weapons Level 1  
  70  6:49  Spore Crawler  
  70  6:51  Zerg Flyer Armor Level 1  
  69  6:55  Hive  
  69  6:58  Corruptor  
  69  7:01  Overlord  
  71  7:08  Drone x2  
  73  7:11  Overlord x2  
  73  7:16  Spore Crawler, Overlord  
  73  7:19  Extractor  
  71  7:22  Extractor  
  70  7:36  Drone x3  
  70  7:37  Drone x3  
  75  7:39  Drone x3  
  75  7:43  Drone x3  
  82  7:45  Overseer  
  82  7:54  Overlord x2  
  82  7:55  Overlord x2  
  82  8:02  Evolution Chamber  
  81  8:07  Evolution Chamber  
  81  8:09  Adrenal Glands  
  80  8:15  Drone  
  80  8:16  Drone x4  
  85  8:22  Corruptor x4  
  93  8:46  Corruptor x6  
  105  8:57  Corruptor  
  105  8:58  Corruptor x2  
  111  9:04  Drone x2  
  111  9:05  Drone x2  
  115  9:27  Zerg Flyer Weapons Level 2  
  115  9:30  Zerg Flyer Armor Level 2  
  115  9:39  Hatchery  
  114  9:47  Hatchery  
  114  9:48  Extractor  
  112  10:16  Extractor  
  112  10:18  Extractor  
  110  10:22  Drone  
  110  10:23  Drone x12  
  110  10:24  Overlord x2  
  110  10:25  Overlord x6  
  96  10:57  Drone, Hatchery  
  96  10:58  Drone x5  
  96  10:59  Drone x4  
  96  11:00  Extractor  
  103  11:12  Extractor  
  103  11:14  Drone x2  
  105  11:18  Drone x2  
  92  11:40  Spore Crawler x2  
  92  11:41  Drone x2  
  87  11:48  Corruptor x6  
  87  11:49  Corruptor  
  101  11:57  Zerg Flyer Weapons Level 3  
  101  12:01  Zerg Flyer Armor Level 3  
  101  12:03  Zerg Ground Armor Level 1, Zerg Melee Weapons Level 1  
  101  12:05  Overseer  
  101  12:07  Corruptor  
  101  12:08  Corruptor x6  
  115  12:16  Drone x3  
  115  12:22  Spore Crawler, Drone  
  118  12:34  Corruptor x5  
  118  12:35  Corruptor  
  130  12:46  Hatchery  
  130  12:49  Overlord x3  
  129  13:03  Burrow  
  129  13:18  Extractor  
  129  13:19  Extractor  
  114  13:34  Corruptor x2  
  114  13:35  Corruptor x9  
  136  13:42  Drone x6  
  136  13:43  Drone  
  143  13:55  Drone  
  144  13:56  Drone x3  
  144  13:59  Drone  
  148  14:13  Drone, Queen  
  148  14:15  Drone  
  148  14:16  Drone x5  
  157  14:28  Corruptor  
  157  14:29  Corruptor x6  
  171  14:35  Drone x3  
  174  14:48  Corruptor x2  
  174  14:49  Corruptor x4  
  176  15:45  Zergling x4  
  176  15:46  Zergling x2  
Show
View Real Time Build Order
Export as new Build Order

Archangeljk Protoss - Winner!

Build Orders: Nexus First 

Get SALT Encoding   

  1  0:00  Probe  
  12  0:05  Probe  
  14  0:15  Probe  
  15  0:41  Pylon  
  15  0:53  Nexus  
  15  1:04  Assimilator  
  15  1:08  Probe  
  15  1:10  Assimilator  
  16  1:18  Probe  
  16  1:20  Forge  
  17  1:29  Probe  
  18  1:41  Probe  
  19  1:53  Probe  
  20  2:05  Probe  
  20  2:06  Pylon  
  21  2:13  Probe x2  
  21  2:21  Probe x2  
  25  2:31  Probe  
  25  2:35  Photon Cannon  
  26  2:37  Photon Cannon  
  26  2:39  Photon Cannon  
  26  2:43  Probe  
  27  2:49  Probe  
  28  2:55  Probe  
  28  2:57  Assimilator  
  29  3:02  Probe, Assimilator  
  30  3:07  Probe  
  30  3:12  Probe  
  31  3:16  Probe  
  31  3:19  Gateway  
  33  3:20  Probe  
  33  3:25  Probe  
  34  3:28  Probe  
  34  3:33  Probe  
  36  3:40  Probe  
  38  3:46  Probe  
  39  3:51  Pylon  
  39  3:52  Probe  
  40  3:56  Pylon  
  40  3:58  Probe  
  40  3:59  Pylon  
  41  4:04  Probe  
  42  4:10  Cybernetics Core x2, Probe  
  42  4:14  Pylon x2  
  42  4:16  Probe  
  44  4:36  Probe  
  45  4:39  Protoss Shields Level 1  
  45  4:40  Probe  
  46  4:48  Probe  
  46  4:52  Probe  
  48  4:55  Stargate  
  48  4:56  Stargate, Protoss Air Weapons Level 1, Protoss Air Armor Level 1  
  48  4:59  Stargate  
  48  5:01  Probe  
  48  5:04  Probe  
  48  5:06  Robotics Facility  
  50  5:14  Nexus  
  50  5:18  Assimilator  
  50  5:21  Assimilator  
  50  5:35  Void Ray  
  50  5:39  Void Ray  
  50  5:42  Void Ray  
  60  5:58  Pylon  
  60  6:01  Pylon  
  45  6:16  Void Ray  
  37  6:19  Void Ray  
  42  6:38  Probe  
  43  6:42  Probe  
  44  6:50  Probe  
  44  6:54  Probe  
  46  7:02  Probe  
  46  7:06  Probe  
  46  7:08  Probe  
  49  7:14  Probe  
  50  7:18  Probe  
  50  7:20  Probe  
  52  7:24  Twilight Council  
  52  7:26  Probe  
  52  7:29  Probe  
  53  7:32  Probe  
  53  7:33  Fleet Beacon  
  53  7:35  Probe  
  55  7:37  Probe  
  55  7:43  Probe  
  57  7:45  Probe  
  57  7:47  Probe  
  60  7:53  Probe  
  60  7:56  Probe  
  62  7:59  Probe  
  62  8:05  Probe, Void Ray  
  68  8:08  Probe  
  68  8:11  Probe  
  70  8:17  Probe, Void Ray  
  75  8:20  Probe  
  75  8:25  Probe  
  77  8:35  Void Ray  
  77  8:38  Probe  
  82  8:42  Protoss Shields Level 2  
  82  8:43  Observer  
  83  8:50  Void Ray  
  87  9:05  Protoss Air Weapons Level 2  
  87  9:13  Protoss Air Armor Level 2  
  87  9:24  Void Ray  
  87  9:26  Void Ray  
  95  9:33  Stargate  
  95  9:36  Pylon  
  90  9:40  Pylon  
  50  10:21  Probe  
  51  10:33  Probe  
  52  10:40  Nexus  
  52  10:43  Assimilator  
  52  10:45  Probe  
  52  10:47  Assimilator  
  53  10:50  Probe  
  54  10:57  Probe  
  54  11:03  Probe  
  56  11:04  Void Ray  
  56  11:06  Void Ray  
  56  11:07  Void Ray  
  56  11:09  Probe  
  69  11:15  Probe  
  70  11:20  Void Ray  
  74  11:27  Probe  
  75  11:39  Probe  
  76  11:47  Probe, Void Ray  
  77  11:49  Void Ray  
  77  11:51  Probe  
  86  11:56  Probe  
  86  11:59  Probe  
  88  12:02  Void Ray  
  88  12:03  Probe  
  93  12:11  Probe  
  93  12:14  Probe  
  82  12:48  Probe  
  83  12:52  Probe  
  84  13:00  Probe x2  
  84  13:04  Probe  
  87  13:05  Void Ray  
  87  13:06  Void Ray x3  
  87  13:12  Probe x2  
  105  13:16  Probe  
  106  13:24  Probe  
  107  13:36  Probe  
  108  13:48  Probe  
  109  13:56  Probe  
  110  14:08  Probe  
  110  14:09  Robotics Bay  
  111  14:14  Pylon  
  111  14:16  Pylon  
  111  14:18  Pylon  
  111  14:20  Probe  
  112  14:26  Pylon  
  112  14:27  Pylon  
  112  14:34  Void Ray x2  
  120  15:06  Pylon  
  120  15:10  Pylon  
  120  15:14  Pylon  
  120  15:15  Pylon  
  120  15:17  Pylon  
  76  15:46  Stargate  
Tags
 
Add a new tag
Caveats
  • Supply blocks, unpowered buildings, or Contaminate may cause inaccurate times.
  • Supply counts are checked every 10 seconds.